 Dungeon Crawl Stone Soup version 0.31.0-11-ge490571c62 (webtiles) character file.

Game seed: 5990460367323054809

408 SnakkuSnakku7 the Insei (level 6, 0/47 HPs)
             Began as a Merfolk Conjurer on Feb 1, 2024.
             Was a Follower of Cheibriados.
             Slain by a lemure (6 damage)
             ... led by Pikel
             ... on level 4 of the Dungeon.
             The game lasted 00:06:09 (3225 turns).

SnakkuSnakku7 the Insei (Merfolk Conjurer)          Turns: 3225, Time: 00:06:10

Health: 0/47       AC:  4    Str: 10    XL:     6   Next: 88%
Magic:  9/9        EV: 12    Int: 19    God:    Cheibriados [*.....]
Gold:   172        SH:  0    Dex: 16    Spells: 8/9 levels left

rFire   + .          .
                       - Unarmed
rCold   . . .        (no shield)
rNeg    . . .        q - +1 leather armour {rF+}
rPois   .            (helmet currently unavailable)
rElec   .            (cloak currently unavailable)
rCorr   .            l - melded +0 pair of gloves
SInv    .            (boots currently unavailable)
Will    .....        (no amulet)
Stlth   ++           (no ring)
HPRegen 0.27/turn    (no ring)
MPRegen 0.11/turn

%: no passive effects
@: beast-form, very slow
A: beast (slay +2), (nimble swimmer 2), mertail
a: Begin Untransformation, Renounce Religion, Bend Time


You were on level 4 of the Dungeon.
You worshipped Cheibriados.
Cheibriados was aware of your devotion.
You were a hulking beast.
You visited 1 branch of the dungeon, and saw 5 of its levels.

You collected 172 gold pieces.

Inventory:

Hand Weapons
 f - a +0 whip of venom
Missiles
 d - 15 poisoned darts
 m - a throwing net
Armour
 a - a +0 robe
 l - a +0 pair of gloves (melded)
 q - a +1 leather armour of fire resistance (worn)
Jewellery
 u - an amulet of guardian spirit
Talismans
 t - a beast talisman (active)
Wands
 v - a wand of flame (16)
Scrolls
 e - a scroll of fog {unknown}
 j - a scroll of blinking {unknown}
 k - 2 scrolls of teleportation {unknown}
 n - a scroll of immolation
 r - a scroll of revelation {unknown}
 w - a scroll of brand weapon {unknown}
Potions
 b - a potion of magic
 c - a potion of heal wounds {unknown}
 g - 2 potions of curing {unknown}
 h - a potion of attraction {unknown}
 o - a potion of degeneration {unknown}
 p - a potion of invisibility {unknown}
 s - a potion of brilliance {unknown}


   Skills:
 - Level 3.4 Fighting
 - Level 2.6 Dodging
 - Level 2.1 Stealth
 + Level 5.1 Unarmed Combat
 - Level 2.0 Spellcasting
 - Level 3.2 Conjurations
 + Level 3.9 Shapeshifting


You had 8 spell levels left.
You knew the following spells:

 Your Spells              Type           Power      Damage    Failure   Level
a - Magic Dart            Conj           56%        1d5       6%          1

Your spell library contained the following spells:

 Spells                   Type           Power      Damage    Failure   Level
 Searing Ray              Conj           28%        2d5       9%          2
 Fulminant Prism          Conj/Alch      4%         3d5       75%         4
 Iskenderun's Mystic Bla  Conj/Tloc      8%         2d4       75%         4


Dungeon Overview and Level Annotations

Branches:
Dungeon (5/15)
 Temple: D:4-7

Altars:
Cheibriados

Annotations:
D:4 Blork the orc, Menkaure, Pikel, Sigmund


Innate Abilities, Weirdness & Mutations

You are a hulking beast.
Your limbs bulge with bestial killing power. (Slay +2)
((You are very nimble when in or above water. (Stealth+, EV+, Speed+++)))
Your lower body shifts to a powerful aquatic tail in water.


Message History

The hound barely misses you. The hound bites you but does no damage.
The iguana closely misses you.
You hit the iguana but do no damage.
The iguana is severely wounded.
The hound bites you. The iguana closely misses you.
You hit the iguana.
The iguana is severely wounded.
The hound bites you but does no damage. The hound bites you.
The iguana closely misses you.
You hit the iguana but do no damage. Your punch misses the iguana.
The iguana is severely wounded.
The hound misses you.
You hit the iguana. You punch the iguana, but do no damage.
The iguana is almost dead.
The iguana closely misses you. The hound bites you.
You punch the iguana!
You kill the iguana!
Cheibriados appreciates the change of pace.
The hound misses you. The hound bites you. The hound barely misses you.
You see here an iguana corpse.
You barely miss the hound.
The lemure shouts!
You hear a shout! x3
The hound misses you.
You barely miss the hound.
The hound bites you but does no damage. x2
The lemure misses you.
You hit the hound.
The hound is moderately wounded.
The hound misses you. The lemure hits you!
* * * LOW HITPOINT WARNING * * *
You punch the hound!
The hound is almost dead.
The hound bites you but does no damage. The lemure closely misses you.
The hound bites you.
* * * LOW HITPOINT WARNING * * *
You punch the hound!
You kill the hound!
Cheibriados appreciates the change of pace.
The lemure hits you.
You die...

####### #### #>5h>>#
#######...
###K###.#####.......##
#...# #.......#######
#.#.###.#######
#.....).# #.....###
##.....## #.......#
#.......#


You could see Pikel and a lemure.

Vanquished Creatures
  Duvessa (D:4)
  A lemure (D:4)
  Dowan (D:4)
  A hound (D:4)
  An orc wizard (D:4)
  2 iguanas (D:4)
  6 adders
  A gnoll (D:5)
  A shadow imp (D:4)
  An ufetubus (D:4)
  A dart slug (D:3)
  2 ribbon worms (D:2)
  8 orcs (D:4)
  9 bats
  9 endoplasms
  2 giant cockroaches
  4 goblins
  6 hobgoblins
  5 jackals
  A quokka (D:1)
  12 ball pythons
  2 frilled lizards
  9 kobolds
  11 rats
97 creatures vanquished.

Notes
Turn   | Place    | Note
-------+----------+-------------------------------------------
     0 | D:1      | SnakkuSnakku7 the Merfolk Conjurer began the quest for the
                  | Orb.
     0 | D:1      | Reached XP level 1. HP: 13/13 MP: 3/3
   180 | D:1      | Reached skill level 1 in Fighting
   180 | D:1      | Reached skill level 1 in Unarmed Combat
   194 | D:1      | Reached XP level 2. HP: 19/21 MP: 1/5
   469 | D:1      | Reached XP level 3. HP: 8/27 MP: 4/6
   549 | D:1      | Reached skill level 2 in Unarmed Combat
  1114 | D:2      | Reached XP level 4. HP: 13/34 MP: 0/7
  1342 | D:2      | Reached skill level 3 in Unarmed Combat
  2195 | D:3      | Reached XP level 5. HP: 30/41 MP: 1/8
  2294 | D:3      | Found a snail-covered altar of Cheibriados.
  2377 | D:3      | Became a worshipper of Cheibriados the Contemplative
  2678 | D:4      | Reached skill level 1 in Shapeshifting
  2685 | D:4      | Noticed Duvessa
  2688 | D:4      | Noticed Dowan
  2690 | D:4      | Killed Duvessa
  2691 | D:4      | Reached skill level 4 in Unarmed Combat
  2691 | D:4      | Reached XP level 6. HP: 20/47 MP: 4/9
  2700 | D:4      | Killed Dowan
  2825 | D:4      | Noticed Sigmund
  2825 | D:4      | Noticed Menkaure
  2836 | D:4      | Noticed Blork the orc
  2881 | D:4      | Noticed Pikel
  3001 | D:4      | Reached * piety under Cheibriados
  3093 | D:5      | Entered Level 5 of the Dungeon
  3134 | D:4      | Reached skill level 5 in Unarmed Combat
  3225 | D:4      | Slain by a lemure

Illustrated notes

Levels and vault maps discovered:
D:1:      spicycebolla_arrival_ecumenical, layout_loops_cross
D:2:      layout_basic
D:3:      layout_loops_cross, mainiacjoe_overflow_cross_hatched
D:4:      layout_loops_ring, serial_demonic, serial_demonic_a, serial_demonic_f,
          serial_demonic_c, serial_demonic_c, uniq_sigmund, uniq_eustachio,
          uniq_blork_the_orc, uniq_menkaure, uniq_pikel, uniq_duvessa
D:5:      layout_basic, kennysheep_path_1, corexii_leaking_fountain

Skill      XL: |  1  2  3  4  5  6 |
---------------+-------------------+-----
Fighting       | 1 2 3 |  3.4
Unarmed Combat | 1 2 3 4 5 |  5.1
Shapeshifting  | 2 3 |  3.9
Dodging        | |  2.6
Stealth        | |  2.1
Spellcasting   | |  2.0
Conjurations   | |  3.2

Action                     |  1- 3 |  4- 6 || total
---------------------------+-------+-------++-------
  Melee: Unarmed           |   107 |   189 ||   296
         Punch             |     1 |     5 ||     6
         Tailslap          |       |     3 ||     3
   Cast: Magic Dart        |    69 |    51 ||   120
    Use: Scroll            |       |     5 ||     5
   Stab: Sleeping          |     3 |     4 ||     7
 Armour: Robe              |    64 |    21 ||    85
         Leather armour    |       |    90 ||    90
  Dodge: Dodged            |    62 |   142 ||   204
   Form: Beast             |       |     1 ||     1
